 Dungeon Crawl Stone Soup version bcrawl-1.34.3 (webtiles) character file.

Game seed: 5133180784354554524

110581 KristoblXynda the Skirmisher (level 3, -8/29 HPs)
             Began as a Demonspawn Gladiator on Oct 11, 2021.
             Mangled by Grinder (9 damage)
             ... while paralysed by Grinder
             ... on level 3 of the Dungeon.
             The game lasted 00:01:51 (1781 turns).

KristoblXynda the Skirmisher (Demonspawn Gladiator) Turns: 1781, Time: 00:01:51

Health: -8/29      AC:  6    Str: 15    XL:     3   Next: 76%
Magic:  3/3        EV:  2    Int:  6    God:
Gold:   146        SH:  0    Dex: 14    Spells: 2/2 levels left

rFire    . . .     SeeInvis .   l - +4 dagger
rCold    . . .     Gourm    .   (no shield)
rNeg     . . .     Faith    .   n - +0 ring mail
rPois    .         Spirit   .   c - +0 helmet
rElec    .         Reflect  .   (no cloak)
rCorr    .         Harm     .   (no gloves)
MR       .....                  (no boots)
Stlth    +.........             (no amulet)
HPRegen  0.09/turn              m - -3 ring of intelligence (curse)
MPRegen  0.08/turn              (no ring)

@: paralysed
A: claws 2
a: no special abilities


You were on level 3 of the Dungeon.
You were hungry.

You visited 1 branch of the dungeon, and saw 3 of its levels.

You collected 146 gold pieces.

Inventory:

Hand Weapons
 a - a +0 long sword
 l - a +4 dagger (weapon)
Missiles
 d - 3 throwing nets {=f}
Armour
 c - a +0 helmet (worn)
 n - a +0 ring mail (worn)
Jewellery
 m - a cursed -3 ring of intelligence (left claw)
Scrolls
 h - 4 scrolls of remove curse {unknown}
 i - 3 scrolls of identify
 j - a scroll of enchant weapon {unknown}
 k - a scroll of teleportation {unknown}
 o - a scroll of blinking {unknown}
Potions
 f - 2 potions of heal wounds
 g - a potion of agility {unknown}
Comestibles
 e - 4 rations {!d}


   Skills:
 + Level 3.4 Fighting
 + Level 3.2 Long Blades
 - Level 2.0 Throwing
 + Level 1.1 Armour
 + Level 3.2 Dodging


You had 2 spell levels left.
You didn't know any spells.
Your spell library was empty.

Dungeon Overview and Level Annotations

Branches:
Dungeon (3/12)

Altars:
Ashenzari
Gozag
Wu Jian

Annotations:
D:3 Grinder


Innate Abilities, Weirdness & Mutations

You have very sharp fingernails.


Message History

You hit Grinder.
Grinder is lightly wounded.
Grinder gestures at you. Pain shoots through your body!
Grinder hits you but does no damage.
You closely miss Grinder.
Grinder is lightly wounded.
Grinder hits you but does no damage.
You hit Grinder.
Grinder is lightly wounded.
Grinder blinks!
You feel yourself speed up.
You hit Grinder but do no damage.
Grinder is lightly wounded.
Grinder gestures at you.
You suddenly lose the ability to move!
Grinder gestures at you. Pain shoots through your body!
* * * LOW HITPOINT WARNING * * *
Grinder hits you!
You die...

## ### ######### ## #. ..#
#...@5..# .5 #. #.# #.#####.#
.# #.####.# #.#####.###.#
#.#....# #.##......#.#
#.#.##.### #.##.##.#.#.#
#.#...([.# #.##.##.#†#.#####.
#......#.####.................
............[....##.#..#######
.##.##.#.##########.#..#


You could see Grinder.

Vanquished Creatures
  Natasha (D:3)
  A worm (D:2)
  2 leopard geckos (D:2)
  A ball python (D:2)
  A giant cockroach (D:2)
  2 goblins
  2 hobgoblins
  4 jackals (D:1)
  4 kobolds (D:2)
  A quokka (D:2)
  2 bats (D:1)
  3 frilled lizards
  3 rats
27 creatures vanquished.

Notes
Turn   | Place    | Note
-------+----------+-------------------------------------------
     0 | D:1      | KristoblXynda the Demonspawn Gladiator began the quest for
                  | the Orb.
     0 | D:1      | Reached XP level 1. HP: 18/18 MP: 1/1
   109 | D:1      | Gained mutation: You have sharp fingernails. [demonic
                  | ancestry]
   109 | D:1      | Reached XP level 2. HP: 24/24 MP: 2/2
   825 | D:2      | Found an opulent altar of Gozag.
  1158 | D:2      | Gained mutation: You have very sharp fingernails. [demonic
                  | ancestry]
  1158 | D:2      | Reached XP level 3. HP: 20/29 MP: 3/3
  1287 | D:2      | Found an ornate altar of the Wu Jian Council.
  1361 | D:2      | Found a shattered altar of Ashenzari.
  1754 | D:3      | Noticed Natasha
  1755 | D:3      | Noticed Grinder
  1766 | D:3      | Killed Natasha
  1767 | D:3      | Reached skill level 1 in Armour
  1779 | D:3      | Paralysed by Grinder for 3 turns
  1780 | D:3      | HP: 1/29 [Grinder/nerve-wracking pain (13)]
  1781 | D:3      | Mangled by Grinder

Skill      XL: |  1  2  3 |
---------------+----------+-----
Throwing       | 2 |  2.0
Dodging        | 3 |  3.2
Long Blades    | 3 |  3.2
Armour         | 1 |  1.1
Fighting       | |  3.4

Action                   || total
-------------------------++-------
Melee: Long sword        ||    34
       Dagger            ||    50
  Eat: Chunk             ||     4
Armor: Leather armour    ||    13
       Ring mail         ||     4
Dodge: Dodged            ||    43
Block: Other             ||     1
